 Dungeon Crawl Stone Soup version 0.19.5 (webtiles) character file.

837 volk64 the Ruffian (level 7, -1/49 HPs)
             Began as an Octopode Berserker on Mar 4, 2017.
             Was a Priest of Trog.
             Slain by a phantom (4 damage)
             ... on level 4 of the Dungeon.
             The game lasted 00:08:15 (2500 turns).

volk64 the Ruffian (Octopode Berserker)             Turns: 2500, Time: 00:08:16

Health: -1/49      AC:  3    Str: 16 (17) XL:     7   Next: 99%
Magic:  7/7        EV: 14    Int:  8 (9)  God:    Trog [***...]
Gold:   268        SH:  0    Dex: 10 (13) Spells: 0 memorised, 6 levels left

rFire  . . .     SeeInvis .     i - +2 dagger (speed)
rCold  . . .     Gourm    .     (no shield)
rNeg   . . .     Faith    .     e - +2 hat
rPois  .         Spirit   .     (no amulet)
rElec  .         Reflect  .     f - ring of flight
rCorr  .         Harm     .     (no ring)
MR     ++...                    (no ring)
Stlth  ++++......               (no ring)
                                (no ring)
                                (no ring)
                                (no ring)
                                (no ring)

@: exhausted, regenerating, slowed, very slow
A: almost no armour, stealthy swim, amphibious, 8 rings, constrict 8, camouflage
1, gelatinous body 1
a: Berserk, Trog's Hand, Burn Spellbooks, Renounce Religion, Evoke Flight


You were on level 4 of the Dungeon.
You worshipped Trog.
Trog was most pleased with you.
You were not hungry.

You visited 1 branch of the dungeon, and saw 5 of its levels.
You also visited: Ossuary.

You collected 268 gold pieces.

Inventory:

Hand Weapons
 i - a +2 dagger of speed (weapon)
Armour
 e - a +2 hat (worn)
Jewellery
 f - a ring of flight (left tentacle)
 l - an uncursed amulet of rage
 m - a cursed amulet of inaccuracy
 q - a cursed amulet of inaccuracy
Wands
 j - a wand of flame (28/48)
 k - a wand of flame (27/48)
Scrolls
 g - a scroll of identify
 r - a scroll of recharging
 v - a scroll of remove curse
Potions
 b - a potion of agility
 n - 2 potions of brilliance
 o - 2 potions of might
 u - a potion of ambrosia
Comestibles
 a - 5 bread rations
 c - 4 meat rations
 d - a chunk of flesh
 h - a beef jerky
 t - 4 fruits


   Skills:
 + Level 4.4 Fighting
 + Level 3.6 Short Blades
 + Level 4.6 Dodging
 + Level 5.4 Stealth
 + Level 5.4 Unarmed Combat


You had 6 spell levels left.
You didn't know any spells.

Dungeon Overview and Level Annotations

Branches:
Dungeon (5/15)
 Temple: D:4-7

Altars:
Dithmenos
Gozag
Kikubaaqudgha
Qazlal


Innate Abilities, Weirdness & Mutations

You cannot wear most types of armour.
You are very stealthy in the water. (Stealth+)
You are amphibious.
You can wear up to eight rings at the same time.
You can use your tentacles to constrict eight enemies at once.
Your skin changes colour to match your surroundings (Stealth+).
Your rubbery body absorbs attacks. (AC +1, EV +1)


Message History

There is a stone staircase leading down here.
You climb downwards. 3 jackals come into view.
The jackal barks! x2
There is a stone staircase leading up here.
The jackal closely misses you. The jackal barely misses you.
The jackal misses you.
You climb upwards.
A frilled lizard comes into view.
The phantom hits you.
* * * LOW HITPOINT WARNING * * *
The frilled lizard moves out of view.
The phantom hits you.
* * * LOW HITPOINT WARNING * * *
The phantom barely misses you.
There is a stone staircase leading down here.
Your skin crawls.
You feel resistant to hostile enchantments.
You feel somewhat more hungry. The jackal closely misses you.
The phantom hits you.
You die...

##.....#.#####
#.# ##..........#
#.# ........###.#
#.# ##....####
#.# ##.## ..#..#
#.# ##...# #
#..## #.# ##.....
..l.##
#.#####.^.... .#
#.W#
#............
#h@#
#######......
#.###..# ##....<
#(.....### #.....
#.####...##
#.#.#. ###.#..##
#..... #.......#
###.## #.##'##.#
.# #.#...#.# .# #
+...'.#########.#


You could see a phantom, a jackal and a frilled lizard (wandering).

Vanquished Creatures
  The ghost of volk64 the Sneak, an amateur OpAs (D:3)
  Duvessa (D:4)
  The ghost of empire the Skirmisher, an amateur DrMo (Ossuary)
  An ogre (D:4)
  An elf zombie (Ossuary)
  Dowan (D:4)
  A howler monkey (D:4)
  A crimson imp (D:3)
  An orc priest (D:3)
  An orc wizard (D:4)
  Natasha (D:4)
  3 mummies (Ossuary)
  2 adders
  An ooze (D:2)
  6 adder zombies (Ossuary)
  A worm (D:1)
  A leopard gecko (D:4)
  11 orcs
  2 bats
  A giant cockroach (D:2)
  A gnoll zombie (Ossuary)
  6 goblins
  4 hobgoblins
  9 kobolds
  3 quokkas
  2 ball pythons
  7 frilled lizards
  A goblin zombie (Ossuary)
  3 kobold zombies (Ossuary)
  A quokka zombie (D:4)
  9 rats
  6 rat zombies (Ossuary)
91 creatures vanquished.

Notes
Turn   | Place    | Note
-------+----------+-------------------------------------------
     0 | D:1      | volk64 the Octopode Berserker began the quest for the Orb.
     0 | D:1      | Reached XP level 1. HP: 16/16 MP: 1/1
   269 | D:1      | Reached XP level 2. HP: 21/21 MP: 2/2
   725 | D:2      | Found an ancient bone altar of Kikubaaqudgha.
   725 | D:2      | Found a shadowy altar of Dithmenos.
   773 | D:2      | Found an opulent altar of Gozag.
   782 | D:2      | Reached XP level 3. HP: 23/26 MP: 3/3
   832 | D:2      | Noticed an air elemental
   835 | D:2      | Found a stormy altar of Qazlal.
   836 | D:2      | Noticed an earth elemental
   836 | D:2      | Noticed a fire elemental
   836 | D:2      | Noticed a water elemental
   870 | D:2      | Reached skill level 1 in Stealth
  1129 | D:2      | Reached ** piety under Trog
  1263 | D:3      | Reached XP level 4. HP: 30/32 MP: 4/4
  1333 | D:3      | Reached XP level 5. HP: 28/36 MP: 5/5
  1353 | D:3      | Noticed volk64's ghost (amateur OpAs)
  1374 | D:3      | Killed volk64's ghost
  1374 | D:3      | Reached skill level 1 in Short Blades
  1374 | D:3      | Reached skill level 5 in Unarmed Combat
  1374 | D:3      | Reached XP level 6. HP: 34/43 MP: 6/6
  1375 | D:3      | Found a faded altar of an unknown god.
  1872 | D:4      | Noticed Duvessa
  1877 | D:4      | Noticed Dowan
  1878 | D:4      | Reached XP level 7. HP: 48/48 MP: 7/7
  1885 | D:4      | Killed Duvessa
  1894 | D:4      | Killed Dowan
  2023 | D:4      | Found a sand-covered staircase.
  2028 | Ossuary  | Entered an ossuary
  2220 | Ossuary  | Reached *** piety under Trog
  2246 | Ossuary  | Reached skill level 5 in Stealth
  2306 | Ossuary  | Noticed empire's ghost (amateur DrMo)
  2344 | Ossuary  | Killed empire's ghost
  2454 | D:4      | Noticed Natasha
  2463 | D:4      | Killed Natasha
  2497 | D:5      | Entered Level 5 of the Dungeon
  2499 | D:4      | HP: 2/49 [phantom (1)]
  2500 | D:4      | Slain by a phantom

Skill      XL: |  1  2  3  4  5  6  7 |
---------------+----------------------+-----
Stealth        | 1 3 5 |  5.4
Unarmed Combat | 4 5 |  5.4
Short Blades   | 1 2 3 |  3.6
Dodging        | 4 |  4.6
Fighting       | 4 |  4.4

Action                   |  1- 3 |  4- 6 |  7- 9 || total
-------------------------+-------+-------+-------++-------
Melee: Unarmed           |    80 |     1 |       ||    81
       Constrict         |    23 |     9 |    22 ||    54
       Tentacles         |    16 |     9 |    30 ||    55
       Punch             |     4 |     2 |     6 ||    12
       Dagger            |       |    58 |   152 ||   210
Invok: Berserk           |       |     2 |     2 ||     4
       Trog's Hand       |       |       |     2 ||     2
  Use: Scroll            |     4 |     3 |     3 ||    10
       Potion            |     2 |       |     6 ||     8
 Stab: Sleeping          |     4 |     6 |     6 ||    16
  Eat: Chunk             |     1 |     3 |     4 ||     8
       Pizza             |       |       |     1 ||     1
Armor: Skin              |     5 |     2 |    11 ||    18
Dodge: Dodged            |    47 |    19 |    59 ||   125
